 Dungeon Crawl Stone Soup version 0.32-a0-981-g384da2ce10 (webtiles) character file.

Game seed: 2013264525875969299

161739 RepHenryClay the Devastator (level 17, -15/92 HPs)
             Began as a Deep Elf Fire Elementalist on Apr 20, 2024.
             Was a High Priest of Sif Muna.
             Shot with a bolt by a naga sharpshooter (26 damage)
             ... on level 4 of the Snake Pit on Apr 21, 2024.
             The game lasted 02:01:45 (48690 turns).

RepHenryClay the Devastator (DEFE)                 Turns: 48690, Time: 02:01:45

Health: -15/92     AC: 12    Str:  5    XL:     17   Next: 20%
Magic:  20/35      EV: 26    Int: 23    God:    Sif Muna [*****.]
Gold:   424        SH:  0    Dex: 21    Spells: 2/41 levels left

rFire   . . .        a - staff of conjuration
rCold   . . .        (no shield)
rNeg    + . .        D - +2 robe {Will+}
rPois   +            q - +1 helmet
rElec   .            J - +0 cloak {Will+}
rCorr   .            S - +2 pair of gloves
SInv    .            r - +1 pair of boots
Will    +++..        (no amulet)
Stlth   +++++        c - ring of poison resistance
HPRegen 0.35/turn    L - ring of positive energy
MPRegen 0.24/turn

%: no passive effects
@: no status effects
A: no striking features
a: Renounce Religion, Channel Magic, Forget Spell, Divine Exegesis


You were on level 4 of the Snake Pit.
You worshipped Sif Muna.
Sif Muna was extremely pleased with you.
You visited 5 branches of the dungeon, and saw 27 of its levels.

You collected 2025 gold pieces.
You spent 1601 gold pieces at shops.

Inventory:

Armour
 p - an orb of guile
 q - a +1 helmet (worn)
 r - a +1 pair of boots (worn)
 D - a +2 robe of willpower (worn)
 J - a +0 cloak of willpower (worn)
 S - a +2 pair of gloves (worn)
Magical Staves
 a - a staff of conjuration (weapon)
 C - a staff of air
Jewellery
 c - a ring of poison resistance (left hand)
 j - a +4 ring of protection
 x - a +4 ring of protection
 B - a ring of ice
 F - a ring of protection from fire
 L - a ring of positive energy (right hand)
 Q - a ring of willpower
Wands
 i - a wand of light (12)
 m - a wand of mindburst (8)
 u - a wand of flame (12)
 z - a wand of digging (2)
 K - a wand of paralysis (4)
 M - a wand of iceblast (2)
Scrolls
 d - 3 scrolls of poison
 e - 6 scrolls of amnesia
 k - 3 scrolls of vulnerability
 l - 5 scrolls of immolation
 o - a scroll of enchant armour
 t - a scroll of blinking
 y - a scroll of fog
 A - 6 scrolls of enchant weapon
 E - 4 scrolls of identify {@r1}
 H - a scroll of revelation
 I - a scroll of butterflies
 N - 3 scrolls of brand weapon
 R - 2 scrolls of teleportation
 T - a scroll of torment
Potions
 b - a potion of magic
 f - a potion of lignification
 g - 13 potions of curing
 h - 3 potions of brilliance
 n - 7 potions of might
 s - 3 potions of resistance {!*}
 w - 3 potions of enlightenment
 G - a potion of attraction
 O - a potion of haste
 U - a potion of mutation
 V - a potion of invisibility
Miscellaneous
 P - a sack of spiders


   Skills:
 - Level 5.0 Fighting
 * Level 19.1 Dodging
 - Level 10.0 Stealth
 - Level 12.5 Spellcasting
 - Level 19.2 Conjurations
 - Level 3.0 Translocations
 - Level 12.0 Fire Magic
 - Level 10.0 Alchemy
 + Level 10.0 Invocations


You had 2 spell levels left.
You knew the following spells:

 Your Spells              Type           Power      Damage    Failure   Level
a - Fireball              Conj/Fire      46%        3d18      1%          5
b - Scorch                Fire           100%       2d9       1%          2
c - Flame Wave            Conj/Fire      92%        2d19      1%          4
d - Sticky Flame          Fire/Alch      60%        2d10      1%          4
e - Searing Ray           Conj           100%       2d8       0%          2
f - Ignite Poison         Fire/Alch      60%        N/A       1%          4
g - Orb of Destruction    Conj           50%        9d13      1%          7
h - Olgreb's Toxic Radia  Alch           57%        N/A       1%          4
i - Mephitic Cloud        Conj/Alch/Air  73%        N/A       1%          3
j - Iskenderun's Mystic   Conj/Tloc      78%        2d16      (+2d81%     4

Your spell library contained the following spells:

 Spells                   Type           Power      Damage    Failure   Level
 Foxfire                  Conj/Fire      100%       2x1d9     0%          1
 Magic Dart               Conj           100%       1d8       0%          1
 Sting                    Conj/Alch      100%       1d9       0%          1
 Kiss of Death            Conj/Necr      100%       2d13      1%          1
 Shock                    Conj/Air       100%       1d9       1%          1
 Lesser Beckoning         Tloc           56%        N/A       1%          2
 Mercury Vapours          Alch/Air       74%        N/A       1%          2
 Static Discharge         Conj/Air       100%       3-8/arc   1%          2
 Ensorcelled Hibernation  Hex/Ice        28%        N/A       7%          2
 Hailstorm                Conj/Ice       73%        3d13      1%          3
 Inner Flame              Hex/Fire       42%        N/A       1%          3
 Stone Arrow              Conj/Erth      100%       3d13      1%          3
 Volatile Blastmotes      Fire/Tloc      98%        2d18      1%          3
 Fulminant Prism          Conj/Alch      44%        3d19      1%          4
 Irradiate                Conj/Alch      44%        3d26      1%          5
 Iskenderun's Battlesphe  Conj           100%       2d15      1%          5
 Arcjolt                  Conj/Air       36%        1d46      2%          5
 Leda's Liquefaction      Alch/Erth      18%        N/A       5%          4
 Petrify                  Alch/Erth      37%        N/A       5%          4
 Call Canine Familiar     Summ           14%        N/A       13%         3
 Fugue of the Fallen      Necr           14%        N/A       13%         3
 Passwall                 Erth           14%        N/A       13%         3
 Sigil of Binding         Hex            14%        N/A       13%         3
 Summon Ice Beast         Ice/Summ       14%        N/A       13%         3
 Swiftness                Air            14%        N/A       13%         3
 Tukima's Dance           Hex            14%        N/A       13%         3
 Passage of Golubria      Tloc           28%        N/A       13%         4
 Conjure Ball Lightning   Conj/Air       36%        3x3d12    13%         6
 Yara's Violent Unravell  Hex/Alch       18%        3d9       16%         5
 Dimensional Bullseye     Hex/Tloc       10%        N/A       24%         4
 Vhi's Electric Charge    Tloc/Air       42%        N/A       24%         4
 Animate Armour           Summ/Erth      28%        N/A       41%         4
 Summon Lightning Spire   Summ/Air       14%        N/A       41%         4
 Plasma Beam              Fire/Air       21%        2x1d33    50%         6
 Spellforged Servitor     Conj/Summ      36%        N/A       58%         7
 Fulsome Fusillade        Conj/Alch      44%        (3-5)d13  58%         8
 Sculpt Simulacrum        Ice/Alch       18%        N/A       65%         6
 Curse of Agony           Necr           14%        N/A       77%         5
 Metabolic Englaciation   Hex/Ice        7%         N/A       77%         5
 Summon Mana Viper        Hex/Summ       14%        N/A       77%         5
 Ignition                 Fire           31%        3d10      90%         8
 Seismic Cannonade        Alch/Erth      18%        6d8       99%         7
 Lehudib's Crystal Spear  Conj/Erth      36%        10d9      99%         8
 Death Channel            Necr           7%         N/A       100%        6
 Haunt                    Necr/Summ      7%         N/A       100%        7
 Monstrous Menagerie      Summ           7%         N/A       100%        7
 Rimeblight               Ice/Necr       7%         2d4       (prima100%   7
 Borgnjor's Revivificati  Necr           7%         N/A       100%        8
 Maxwell's Capacitive Co  Air            7%         ∞         100%        8
 Chain Lightning          Conj/Air       36%        3d48      100%        9
 Death's Door             Necr           7%         N/A       100%        9


Dungeon Overview and Level Annotations

Branches:
Dungeon (15/15)            Temple (1/1) D:5            Lair (5/5) D:9
  Swamp (0/4) Lair:2        Snake (4/4) Lair:2        Slime (0/5) Lair:5
    Orc (2/2) D:12            Elf (0/3) Orc:2        Vaults (0/5) D:13
 Depths (0/4) D:15

Altars:
Ashenzari
Cheibriados
Dithmenos
Elyvilon
Fedhas
Gozag
Hepliaklqana
Kikubaaqudgha
Makhleb
Nemelex Xobeh
Okawaru
Qazlal
Ru
Sif Muna
Trog
Uskayaw
Vehumet
Wu Jian
Xom
Yredelemnul
Zin
The Shining One
Beogh
Lugonu

Shops:
D:7 **?!?   D:8 :   Orc:2 ([=!

Portals:
Abyss: Lair:5
Trove: D:10 (give 4 potions of resistance)

Annotations:
D:4 2 transporters
D:5 3 runed translucent doors, PriceMaster's ghost, amateur DsNe
D:8 orb
Snake:3 1 runed translucent door


Message History

The naga sharpshooter magically shoots a bolt.
The bolt hits you!
* * * LOW HITPOINT WARNING * * *
The mana viper misses you.
Huge Dmg: -11%(-10hp) hp: 21%(19hp) Welcome back, RepHenryClay the Deep Elf Fire Elementalist.
Sif Muna whispers: I know many secrets...
Press ? for a list of commands and other information.
Okay, then.
Unknown command.
Cast which spell? (? or * to list)
Okay, then.
Okay, then.
Cast which spell? (? or * to list)
You feel a surge of power!
You erupt in a blast of force!
The mystic blast hits the nagaraja!
The nagaraja is moderately wounded.
The nagaraja is knocked back by the mystic blast.
The mystic blast hits the mana viper!
The mana viper is moderately wounded.
The mana viper is knocked back by the mystic blast.
The naga sharpshooter gestures wildly while chanting.
The naga sharpshooter magically shoots a bolt.
The bolt hits you!
* * * LOW HITPOINT WARNING * * *
Huge Dmg: -10%(-9hp) hp: 11%(10hp) Welcome back, RepHenryClay the Deep Elf Fire Elementalist.
Sif Muna whispers: I know many secrets...
Press ? for a list of commands and other information.
Okay, then.
Okay, then.
Your magical effects are unravelling.
You feel magically purged.
You feel yourself speed up.
You are no longer firmly anchored in space.
A naga comes into view. It is wielding a +0 scimitar.
The naga sharpshooter casts a spell.
The naga sharpshooter magically shoots a bolt.
The bolt hits you!!
You die...

#.# #<#################
###.#............?...
#...#.###############
#.#.#.# ############
#)#.#.# #.......)..÷
#.#.#.# #.##########
#.#@#.# #.# #.##..# #.#
#.# #S# #.#
####)###NN###.#
#........÷N.#.#
#.##.###......#
#....).÷.÷..N###########
#..#.#.##.###N......##..
#....#.##.# #.......##..


You could see a nagaraja (fast), a naga sharpshooter (curare), a mana viper, a
naga mage (fast) and 2 nagas.

Vanquished Creatures
  Rupert (D:14)
  Asterion (Snake:1)
  Frances (Snake:2)
  A nagaraja (Snake:4)
  Roxanne (Snake:2)
  Louise (D:14)
  An orc warlord (Orc:2)
  Snorg (D:11)
  An ettin (D:15)
  8 hydras
  A salamander tyrant (Snake:2)
  A boulder beetle (D:12)
  5 ogre magi
  8 anacondas
  3 centaur warriors (D:13)
  23 two-headed ogres
  10 death yaks
  A catoblepas (Lair:5)
  14 naga warriors
  3 tengu warriors
  3 thrashing horrors (Lair:5)
  An orc high priest (Orc:2)
  8 naga sharpshooters
  Urug (D:13)
  7 shock serpents
  Sonja (Orc:2)
  4 sea snakes
  A skeletal warrior (D:12)
  2 skysharks (Lair:4)
  A deep troll (D:15)
  2 arcanists (D:13)
  8 mana vipers
  Pikel (D:7)
  2 naga ritualists (Snake:3)
  4 orc knights
  A large abomination (Lair:5)
  2 deep elf pyromancers
  3 orc sorcerers
  An oklob plant (Lair:4)
  9 ugly things
  A necromancer (D:15)
  6 cyclopes
  2 wolf spiders (Lair:4)
  12 elephants
  5 salamanders
  3 manticores
  5 centaur zombies (D:12)
  7 naga magi
  6 meliai (D:14)
  8 guardian serpents
  24 black mambas
  5 cane toads
  Maggie (D:7)
  A gargoyle (D:11)
  10 centaur skeletons (D:12)
  2 rime drakes
  4 kobold demonologists
  A tengu conjurer (D:15)
  9 komodo dragons
  A hornet (D:9)
  A wind drake (shapeshifter) (Lair:5)
  3 polar bears
  Grinder (D:4)
  8 trolls
  2 hornets (shapeshifter)
  3 meliai zombies (D:12)
  A raiju (Lair:5)
  25 blink frogs
  4 slime creatures (D:13)
  Sigmund (D:6)
  A ynoxinul (Lair:5)
  6 shadows
  2 spriggans (Lair:5)
  A wyvern (Lair:5)
  A water elemental (D:14)
  47 yaks
  13 basilisks
  4 wraiths
  Grum (D:8)
  16 vampire mosquitoes
  A warg (Orc:2)
  A steam dragon (D:10)
  3 chaos spawn (Lair:5)
  A swamp worm (Lair:2)
  2 acid dragons
  31 nagas
  18 water moccasins
  4 laughing skulls
  24 orc warriors
  An ice beast (shapeshifter) (Lair:5)
  A sky beast (D:7)
  4 black bears
  9 small abominations (Lair:5)
  5 ice beasts
  8 boggarts
  26 ogres
  25 wolves
  12 centaurs
  3 phantoms
  4 kobold brigands
  10 bullfrogs
  2 scorpions (D:6)
  2 gnoll sergeants
  9 wights
  7 howler monkeys
  2 lava snakes (Lair:2)
  A bullfrog zombie (D:5)
  7 electric eels
  14 jellies
  3 bombardier beetles
  3 hounds (D:6)
  14 orc priests
  Natasha (thrice) (D:4)
  An iguana (D:5)
  16 orc wizards
  An adder (D:3)
  11 gnolls
  12 white imps (Lair:5)
  An adder zombie (D:5)
  A ribbon worm (D:3)
  69 orcs
  3 ball pythons
  10 bats
  8 endoplasms
  4 giant cockroaches
  11 goblins
  13 hobgoblins
  6 jackals (D:2)
  24 kobolds
  2 quokkas
  4 frilled lizards
  4 rats
  A butterfly (Lair:4)
864 creatures vanquished.

Vanquished Creatures (collateral kills)
  13 foxfires
13 creatures vanquished.

Vanquished Creatures (others)
  1448 foxfires
1448 creatures vanquished.

Grand Total: 2325 creatures vanquished

Notes
Turn   | Place    | Note
-------+----------+-------------------------------------------
     0 | D:1      | RepHenryClay the Deep Elf Fire Elementalist began the quest
                  | for the Orb.
     0 | D:1      | Reached XP level 1. HP: 10/10 MP: 6/6
     2 | D:1      | Noticed an oni
     2 | D:1      | Noticed a demonspawn
     4 | D:1      | Noticed a ghoul
     6 | D:1      | Noticed an armataur
     6 | D:1      | Noticed an elf
     8 | D:1      | Noticed a djinni
     8 | D:1      | Noticed a formicid
    10 | D:1      | Noticed a demigod
    10 | D:1      | Noticed a felid
    12 | D:1      | Noticed a gargoyle
    14 | D:1      | Noticed a naga
    14 | D:1      | Noticed an octopode
    16 | D:1      | Noticed a human
    18 | D:1      | Noticed a tengu
    18 | D:1      | Noticed a vampire
    20 | D:1      | Noticed a vine stalker
    20 | D:1      | Noticed a barachi
    22 | D:1      | Noticed a merfolk
    22 | D:1      | Noticed a minotaur
    24 | D:1      | Noticed a dwarf
    27 | D:1      | Noticed a draconian
    27 | D:1      | Noticed a spriggan
    29 | D:1      | Noticed a troll
   235 | D:1      | Reached XP level 2. HP: 15/15 MP: 6/8
   695 | D:1      | Reached XP level 3. HP: 19/19 MP: 4/9
   941 | D:2      | Found a faded altar of an unknown god.
  1167 | D:2      | Found an ornate altar of the Wu Jian Council.
  1608 | D:2      | You fall into a shaft and drop 1 floor!
  2159 | D:3      | Learned a level 2 spell: Scorch
  2263 | D:3      | Reached XP level 4. HP: 24/24 MP: 7/10
  2780 | D:4      | Noticed a phantom
  2790 | D:4      | Killed a phantom
  2791 | D:4      | Reached skill level 5 in Conjurations
  2791 | D:4      | Reached XP level 5. HP: 20/28 MP: 2/11
  2796 | D:4      | Learned a level 4 spell: Flame Wave
  2907 | D:4      | Found a sparkling altar of Nemelex Xobeh.
  2914 | D:4      | Noticed Grinder
  2925 | D:4      | Paralysed by Grinder for 3 turns
  2935 | D:4      | Paralysed by Grinder for 2 turns
  2938 | D:4      | Killed Grinder
  2939 | D:4      | Reached skill level 5 in Fire Magic
  2939 | D:4      | Reached XP level 6. HP: 21/32 MP: 0/14
  2947 | D:4      | Learned a level 4 spell: Sticky Flame
  3188 | D:4      | Reached XP level 7. HP: 36/36 MP: 8/15
  3275 | D:4      | Found a transporter.
  3413 | D:4      | Noticed Natasha
  3420 | D:4      | Killed Natasha
  3421 | D:4      | Reached skill level 1 in Alchemy
  3441 | D:4      | Noticed Natasha
  3461 | D:4      | Found a transporter.
  3682 | D:4      | Killed Natasha
  3859 | D:4      | Noticed Natasha
  3865 | D:4      | Killed Natasha
  4120 | D:4      | Found a transporter.
  4242 | D:4      | Found a sparkling altar of Nemelex Xobeh.
  4680 | D:4      | Found a sparkling altar of Nemelex Xobeh.
  4832 | D:4      | Found a transporter.
  4850 | D:4      | Found a transporter.
  5093 | D:5      | Entered Level 5 of the Dungeon
  5302 | D:5      | Found a staircase to the Ecumenical Temple.
  5368 | Temple   | Entered the Ecumenical Temple
  5376 | Temple   | Became a worshipper of Sif Muna the Loreminder
  5728 | D:5      | Found a runed translucent gate.
  5728 | D:5      | Found a runed translucent gate.
  5728 | D:5      | Found a runed translucent gate.
  5728 | D:5      | Noticed PriceMaster's ghost (amateur DsNe)
  5730 | D:5      | Found a basalt altar of Yredelemnul.
  5741 | D:5      | Reached skill level 5 in Dodging
  6443 | D:5      | Reached XP level 8. HP: 20/41 MP: 8/16
  7099 | D:6      | Found a hide-covered altar of Uskayaw.
  7106 | D:6      | Found a shadowy altar of Dithmenos.
  7114 | D:6      | Reached * piety under Sif Muna
  7270 | D:6      | Reached skill level 5 in Alchemy
  7349 | D:6      | Noticed Sigmund
  7486 | D:6      | Killed Sigmund
  8008 | D:7      | Reached skill level 5 in Spellcasting
  8008 | D:7      | Reached XP level 9. HP: 45/45 MP: 5/18
  8145 | D:7      | Found a stormy altar of Qazlal.
  8262 | D:7      | Found Vamem's Distillery.
  8307 | D:7      | Bought a potion of heal wounds for 70 gold pieces
  8307 | D:7      | Bought a potion of curing for 42 gold pieces
  8307 | D:7      | Bought a potion of invisibility for 112 gold pieces
  8307 | D:7      | Bought a potion of might for 56 gold pieces
  8336 | D:7      | Found Yniffott's Magic Scroll Shoppe.
  8342 | D:7      | Bought a scroll of identify for 26 gold pieces
  8665 | D:7      | Noticed Maggie
  8670 | D:7      | Killed Maggie
  8671 | D:7      | Reached skill level 5 in Stealth
  8852 | D:7      | Found Cuecaec's General Store.
  8857 | D:7      | Found Hiel's General Store.
  8871 | D:7      | Bought a scroll of identify for 20 gold pieces
  8871 | D:7      | Bought a scroll of identify for 20 gold pieces
  9149 | D:7      | Found Kueqilea's Magic Scroll Shoppe.
  9341 | D:8      | Noticed Grum
  9350 | D:8      | Reached ** piety under Sif Muna
  9352 | D:8      | Noticed Pikel
  9467 | D:7      | Killed Pikel
  9665 | D:8      | Killed Grum
  9666 | D:8      | Reached XP level 10. HP: 24/50 MP: 10/22
  9888 | D:8      | Reached skill level 10 in Dodging
 10399 | D:8      | Found Acveczef's Tiny Tomes.
 10515 | D:7      | Bought a scroll of fear for 48 gold pieces
 10515 | D:7      | Bought a scroll of identify for 24 gold pieces
 10697 | D:9      | Found a radiant altar of Vehumet.
 10995 | D:9      | Reached skill level 10 in Fire Magic
 11131 | D:9      | Found a bloodstained altar of Trog.
 11164 | D:9      | Learned a level 2 spell: Searing Ray
 11514 | D:9      | Found a burning altar of Makhleb.
 11690 | D:9      | Found a staircase to the Lair.
 11755 | D:9      | Reached *** piety under Sif Muna
 11983 | D:10     | Entered Level 10 of the Dungeon
 12126 | D:10     | Found a portal to a secret trove of treasure.
 12138 | D:10     | Noticed a two-headed ogre
 12147 | D:10     | Killed a two-headed ogre
 12586 | D:10     | Reached XP level 11. HP: 27/54 MP: 6/23
 12794 | D:10     | Noticed a sun demon
 13103 | Lair:1   | Entered Level 1 of the Lair of Beasts
 13740 | Lair:1   | Identified the +0 plate armour "Bofezecha" {MP+9 Int+4
                  | SInv}
 14609 | Lair:2   | Reached **** piety under Sif Muna
 14626 | Lair:1   | Learned a level 4 spell: Ignite Poison
 14769 | Lair:2   | Reached skill level 10 in Conjurations
 14913 | D:8      | Bought the Tome of Kinetic Energy for 176 gold pieces
 14921 | D:8      | Learned a level 7 spell: Orb of Destruction
 15007 | Lair:2   | Upgraded the game from 0.32-a0-975-g85d4e5bfdb to
                  | 0.32-a0-981-g384da2ce10
 15815 | Lair:2   | Found a staircase to the Snake Pit.
 15958 | Lair:2   | Found a staircase to the Swamp.
 16480 | D:11     | Noticed Snorg
 16489 | D:11     | HP: 2/54 [Snorg (11)]
 16868 | Lair:3   | Reached XP level 12. HP: 50/59 MP: 15/24
 17222 | Lair:3   | Noticed a seven-headed hydra
 17648 | Lair:3   | Killed a seven-headed hydra
 17833 | Lair:3   | Reached ***** piety under Sif Muna
 18420 | Lair:3   | Noticed a four-headed hydra
 18459 | Lair:3   | Killed a four-headed hydra
 18602 | Lair:4   | Noticed a six-headed hydra
 19420 | D:11     | Reached skill level 15 in Conjurations
 19422 | D:11     | Received a gift from Sif Muna
 20287 | D:12     | Reached XP level 13. HP: 63/63 MP: 7/28
 20571 | D:12     | Learned a level 4 spell: Olgreb's Toxic Radiance
 20765 | D:12     | Reached skill level 10 in Spellcasting
 20819 | D:11     | Identified a scroll of acquirement
 20822 | D:11     | Acquired a staff of conjuration
 23038 | D:12     | Found a roughly hewn altar of Beogh.
 23038 | D:12     | Found a staircase to the Orcish Mines.
 23290 | Orc:1    | Entered Level 1 of the Orcish Mines
 23627 | Orc:1    | You fall into a shaft and drop 1 floor!
 23627 | Orc:2    | Entered Level 2 of the Orcish Mines
 23627 | Orc:2    | Found a staircase to the Elven Halls.
 23638 | Orc:2    | Noticed an orc warlord
 24442 | D:11     | Killed Snorg
 25529 | Lair:4   | Received a gift from Sif Muna
 25530 | Lair:4   | Got Iskenderun's Directory of the Volley {god gift}
 25535 | Lair:4   | Learned a level 3 spell: Mephitic Cloud
 26752 | Lair:4   | Identified the +2 falchion "Jytat" {freeze, Int+3}
 26762 | Lair:5   | Entered Level 5 of the Lair of Beasts
 26773 | Lair:4   | Reached XP level 14. HP: 36/68 MP: 14/32
 27203 | Lair:4   | Learned a level 4 spell: Iskenderun's Mystic Blast
 28460 | Lair:5   | Received a gift from Sif Muna
 28461 | Lair:5   | Reached skill level 1 in Translocations
 28461 | Lair:5   | Got Sif Muna's Atlas of Projection and the Catacomb {god
                  | gift}
 28768 | Lair:5   | Found a staircase to the Slime Pits.
 30195 | Lair:5   | Received a gift from Sif Muna
 30282 | Lair:5   | Got Sif Muna's Handbook of the Lungs and Exhumation {god
                  | gift}
 30583 | Lair:5   | Found a corrupted altar of Lugonu.
 30738 | Lair:5   | Found a one-way gate to the infinite horrors of the Abyss.
 31141 | D:13     | HP: 2/68 [tengu warrior/bolt (13)]
 31571 | D:13     | Reached skill level 15 in Dodging
 31954 | D:13     | HP: 2/67 [tengu warrior/bolt (15)]
 31968 | D:13     | Reached XP level 15. HP: 20/72 MP: 1/33
 32384 | D:13     | Found a gate to the Vaults.
 32544 | D:13     | Reached skill level 1 in Fighting
 32544 | D:13     | Reached skill level 10 in Alchemy
 33162 | D:13     | Noticed Urug
 33165 | D:13     | Killed Urug
 33900 | Orc:2    | Received a gift from Sif Muna
 33901 | Orc:2    | Got Fafuifank's Compilation of Conjured Superposition {god
                  | gift}
 34001 | Orc:2    | Found a roughly hewn altar of Beogh.
 34230 | Orc:2    | Noticed Sonja
 34332 | Orc:2    | Killed Sonja
 35189 | Orc:1    | Learned a level 5 spell: Fireball
 35442 | Orc:2    | Reached skill level 5 in Fighting
 35451 | Orc:2    | Reached skill level 1 in Invocations
 36195 | Orc:2    | Found Nadekuf's Antique Weapon Boutique.
 36195 | Orc:2    | Found Ychesch's Jewellery Emporium.
 36196 | Orc:2    | Found Luwke's Armour Emporium.
 36196 | Orc:2    | Found Toucateo's Distillery.
 36206 | Orc:2    | Bought a +0 cloak of willpower for 149 gold pieces
 36218 | Orc:2    | Bought a +1 pair of boots for 149 gold pieces
 36230 | Orc:2    | Bought a potion of heal wounds for 85 gold pieces
 36415 | D:14     | Noticed Louise
 36421 | D:14     | Killed Louise
 36758 | D:14     | Noticed Rupert
 36765 | D:14     | Killed Rupert
 37324 | D:14     | Reached skill level 5 in Invocations
 37858 | D:14     | Reached XP level 16. HP: 87/87 MP: 26/34
 38244 | D:15     | Entered Level 15 of the Dungeon
 38413 | D:15     | Received a gift from Sif Muna
 38414 | D:15     | Got Sif Muna's Verses on the Atmosphere {god gift}
 38556 | D:15     | Found a staircase to the Depths.
 39330 | D:7      | Bought a potion of resistance for 140 gold pieces
 39330 | D:7      | Bought a potion of resistance for 140 gold pieces
 39330 | D:7      | Bought 2 potions of curing for 84 gold pieces
 39511 | Orc:2    | Bought a ring of poison resistance for 260 gold pieces
 39990 | Snake:1  | Entered Level 1 of the Snake Pit
 40355 | Snake:1  | You fall into a shaft and drop 1 floor!
 42206 | Snake:2  | Noticed Frances
 42274 | Snake:2  | Killed Frances
 42721 | Snake:1  | Noticed Asterion
 43146 | Snake:1  | Killed Asterion
 43938 | Snake:2  | Noticed Roxanne
 44600 | Snake:2  | Received a gift from Sif Muna
 44921 | Snake:2  | Killed Roxanne
 45638 | Snake:3  | Reached skill level 10 in Stealth
 45638 | Snake:3  | Reached skill level 10 in Invocations
 46201 | Snake:3  | Found a runed translucent door.
 46368 | Snake:4  | Entered Level 4 of the Snake Pit
 46987 | Snake:4  | Reached XP level 17. HP: 13/92 MP: 20/35
 48690 | Snake:4  | Shot with a bolt by a naga sharpshooter

Illustrated notes

Levels and vault maps discovered:
D:1:      kb_arrival_jail, layout_loops_cross
D:2:      layout_loops_ring, basic_ecumenical_altar, basic_altar,
          chequers_decorated_corner, kennysheep_crisscross,
          dreamdust_wishing_well, hangedman_decor_diamond_cutter
D:3:      layout_loops_ring, minmay_misc_feat_alley, kennysheep_generic_room_3
D:4:      gammafunk_wand_slinger, layout_basic, general_overflow_altar,
          uniq_grinder, uniq_natasha
D:5:      layout_cave_pods, nicolae_yredelemnul_ghost_church,
          minmay_temple_entry_glassed_door
D:6:      layout_rooms, mainiacjoe_overflow_large_starburst, serial_bayou,
          serial_bayou_pond_d, serial_bayou_lagoon_a, serial_bayou_lake_a,
          serial_bayou_pond_d, serial_bayou_pond_d, serial_bayou_pond_c,
          minivault_19, uniq_sigmund
D:7:      layout_basic, nicolae_qazlal_beasts_of_the_sky, serial_shops, shop,
          nicolae_shop_pleasant_corner_grove, nicolae_shop_tiny_statue_garden,
          shop, nicolae_shop_rolled_up, uniq_maggie
D:8:      layout_cave_pools, corexii_mini_fake_secret_closet,
          nicolae_shop_i_like_small_books_too, small_statue_intersection,
          hangedman_decor_riveting, uniq_grum, uniq_pikel
D:9:      layout_irregular_city, vehumet_crystals, hellmonk_lair_entry_icy,
          serial_column_ruins, column_ruins_open_small, column_ruins_open_tiny,
          column_ruins_corridor_straight, column_ruins_corridor_dead_end,
          column_ruins_grid_1, chequers_serial_rivers_small_3, minivault_22,
          roderic_batcave, hangedman_decor_peaks_small,
          hangedman_feature_mirror, dreamdust_deal_with_the_devil
D:10:     layout_irregular_city, enter_trove_0, dreamdust_mushroom_princess
D:11:     layout_stronghold, uniq_snorg
D:12:     hangedman_screamer, layout_cave_pools, david_orc_5
D:13:     layout_irregular_city, david_vaults_1, uniq_urug
D:14:     layout_basic, kennysheep_cross_room, uniq_rupert, uniq_louise
D:15:     hangedman_depths_entry_civil_slaughter, layout_cave_pools,
          grunt_decor_fettered
Temple:   nicolae_temple_x_marks_the_god
Lair:1:   statuecave_lemuel, layout_regular_city, beast_lair_carwin_2
Lair:2:   layout_cave_pods, nicolae_swamp_entry_splash_gauntlet,
          nicolae_snake_entry_warm_welcome
Lair:3:   layout_roguey
Lair:4:   layout_long_grid, nicolae_lair_run_with_the_wolves,
          lemuel_fruit_fields, grunt_megastairs_3
Lair:5:   hellmonk_lair_end_abyssal_woods, layout_concentric_octagons,
          minmay_slime_entry_jelly_boxes, portal_ice_cave_entry_imps
Snake:1:  layout_chambers, st_stairs_9, uniq_asterion
Snake:2:  layout_chambers, uniq_roxanne, uniq_frances
Snake:3:  layout_layer_cave, lightli_airlock, serial_bayou_shore_a
Snake:4:  grunt_snake_rune_pools, layout_basic
Orc:1:    layout_caves, nicolae_orc_crystal_seam
Orc:2:    st_orc_ogre_mass, layout_diamond_mine, basic_altar, uniq_sonja

Skill      XL: |  1  2  3  4  5  6  7  8  9 10 11 12 13 14 15 16 17 |
---------------+----------------------------------------------------+-----
Conjurations   | 2 3 4 5 11 15 17 18 19 | 19.2
Spellcasting   | 4 5 7 9 12 | 12.5
Fire Magic     | 5 6 7 9 11 12 | 12.0
Dodging        | 3 6 7 9 12 13 15 16 18 19 | 19.1
Alchemy        | 3 5 9 10 | 10.0
Stealth        | 3 5 7 10 | 10.0
Translocations | 3 |  3.0
Fighting       | 5 |  5.0
Invocations    | 5 10 | 10.0

Action                     |  1- 3 |  4- 6 |  7- 9 | 10-12 | 13-15 | 16-18 || total
---------------------------+-------+-------+-------+-------+-------+-------++-------
  Melee: Unarmed           |     1 |       |       |       |       |       ||     1
         Dagger            |    18 |     1 |       |       |       |       ||    19
         Short sword       |       |    18 |    15 |   104 |    25 |       ||   162
         Staff             |       |       |       |       |    54 |    34 ||    88
  Throw: Throwing net      |       |       |       |     1 |       |       ||     1
   Cast: Foxfire           |    62 |    37 |   171 |   346 |   219 |       ||   835
         Scorch            |       |     8 |    33 |    46 |    62 |    22 ||   171
         Flame Wave        |       |       |    10 |    25 |    26 |     2 ||    63
         Sticky Flame      |       |       |     5 |    50 |    85 |    23 ||   163
         Searing Ray       |       |       |       |     2 |       |       ||     2
         Ignite Poison     |       |       |       |     2 |    15 |     1 ||    18
         Orb of Destructio |       |       |       |     7 |   151 |    90 ||   248
         Olgreb's Toxic Ra |       |       |       |       |    35 |     3 ||    38
         Mephitic Cloud    |       |       |       |       |    11 |     3 ||    14
         Iskenderun's Myst |       |       |       |       |    16 |    13 ||    29
         Fireball          |       |       |       |       |    20 |   109 ||   129
 Invoke: Channel Magic     |       |       |       |       |       |     2 ||     2
  Evoke: Wand              |       |       |     1 |    11 |    17 |     3 ||    32
         Sack of spiders   |       |       |       |       |       |     1 ||     1
    Use: Potion            |       |     3 |       |     3 |     4 |     5 ||    15
         Scroll            |       |       |     6 |     6 |    15 |     5 ||    32
   Stab: Sleeping          |     2 |     1 |       |     1 |       |       ||     4
         Paralysed         |       |       |       |       |     2 |     1 ||     3
         Invisible         |       |       |       |       |     1 |       ||     1
 Armour: Robe              |    29 |    27 |    58 |   188 |   276 |    88 ||   666
         Skin              |       |    16 |       |       |       |       ||    16
  Dodge: Dodged            |    26 |    17 |    78 |   346 |   423 |   133 ||  1023

Table legend: (Time is in decaauts)
 A = Elapsed time spent in this place.
 B = Non-inter-level travel time spent in this place.
 C = Inter-level travel time spent in this place.
 D = Time resting spent in this place.
 E = Time spent auto-exploring this place.
 F = Levels seen in this place.
 G = Mean time per level.
                   A        B        C        D        E       F      G
               +--------+--------+--------+--------+--------+-----+--------+
         Total |  48860 |  45102 |   3758 |  11623 |  27167 |  27 | 1809.6 |
       Dungeon |  24790 |  22668 |   2122 |   4800 |  14731 |  15 | 1652.7 |
        Temple |     16 |      9 |      7 |      0 |      0 |   1 |   16.0 |
          Lair |  11672 |  10723 |    949 |   2413 |   6667 |   5 | 2334.4 |
     Snake Pit |   8622 |   8250 |    372 |   2475 |   4795 |   4 | 2155.5 |
  Orcish Mines |   3759 |   3454 |    305 |   1934 |    972 |   2 | 1879.5 |
               +--------+--------+--------+--------+--------+-----+--------+

Top non-repeatable levels by time:
    D:11: 3721 daAuts
  Lair:4: 2940 daAuts
  Lair:5: 2735 daAuts
 Snake:1: 2670 daAuts
 Snake:2: 2481 daAuts
    D:12: 2354 daAuts
     D:4: 2336 daAuts
  Lair:2: 2288 daAuts
   Orc:1: 2229 daAuts
    D:13: 1974 daAuts
 Snake:4: 1948 daAuts
  Lair:3: 1893 daAuts
    D:10: 1834 daAuts
  Lair:1: 1815 daAuts
    D:14: 1781 daAuts
